MLB
PHILADELPHIA PHILLIES @ MILWAUKEE BREWERS
06/16/2018
 
TOP OF THE 1ST
Philadelphia Phillies batting - Pitching for Milwaukee Brewers : RHP Lance McCullers Jr.
Pitching: RHP Lance McCullers Jr.
Batting: LHB Leonys Martin 0-0: Ball
1-0: Foul Ball, location: 2F
1-1: Ball
2-1: Fly out, F8 (Line Drive, 8LD)
Batting: RHB Amed Rosario 0-0: Called Strike
0-1: Fly out, F8 (Flyball, 8RM)
Batting: LHB Justin Bour 0-0: Ground out 5-3 (Groundball, 56)
Top of the 1st over - 0 runs, 0 hits, 0 errors, 0 left on base; Philadelphia 0 - Milwaukee 0
BOTTOM OF THE 1ST
Milwaukee Brewers batting - Pitching for Philadelphia Phillies : LHP Amir Garrett
Pitching: LHP Amir Garrett
Batting: RHB Tommy Pham 0-0: Ball
1-0: Swinging Strike
1-1: Foul Ball, location: 2F
1-2: Ball
2-2: Foul Ball, location: 2F
2-2: Strikes out swinging, 2-3 out at first.
Batting: RHB Aaron Judge 0-0: Ball
1-0: DOUBLE (Line Drive, 78XD)
Batting: RHB Logan Forsythe 0-0: Foul Ball, location: 2F
0-1: Ball
1-1: Fly out, F8 (Flyball, 78D)
Batting: RHB Miguel Cabrera 0-0: Ball
1-0: Ball
2-0: Ball
3-0: Ground out 5-3 (Groundball, 56)
Bottom of the 1st over - 0 runs, 1 hit, 0 errors, 1 left on base; Philadelphia 0 - Milwaukee 0
TOP OF THE 2ND
Philadelphia Phillies batting - Pitching for Milwaukee Brewers : RHP Lance McCullers Jr.
Batting: RHB Todd Frazier 0-0: Ball
1-0: Ball
2-0: Ball
3-0: Base on Balls
Batting: LHB Kole Calhoun 0-0: Foul Ball, location: 2F
0-1: Ball
1-1: Ball
2-1: SINGLE (Groundball, 4MD)
Todd Frazier to second
Runner from 2nd tries for 3rd, SAFE, throw by CF made to third
Batting: RHB Carson Kelly 0-0: Ball
1-0: Called Strike
1-1: Called Strike
1-2: Strikes out swinging
Batting: RHB Scott Kingery 0-0: Called Strike
0-1: Ball
1-1: Swinging Strike
1-2: Ball
2-2: Strikes out swinging
Batting: RHB Carlos Tocci 0-0: Ball
1-0: Ball
2-0: Ball
3-0: Foul Ball, location: 2F
3-1: Base on Balls
Kole Calhoun to second
Batting: RHB Amir Garrett 0-0: Foul Ball, location: 2F
0-1: Ball
1-1: Fly out, F9 (Flyball, 9)
Top of the 2nd over - 0 runs, 1 hit, 0 errors, 3 left on base; Philadelphia 0 - Milwaukee 0
BOTTOM OF THE 2ND
Milwaukee Brewers batting - Pitching for Philadelphia Phillies : LHP Amir Garrett
Batting: RHB Eugenio Suarez 0-0: Ball
1-0: Called Strike
1-1: Ball
2-1: Ball
3-1: Foul Ball, location: 2F
Error on foul ball, E2
3-2: Foul Ball, location: 2F
3-2: DOUBLE (Line Drive, 89XD)
Batting: RHB Jabari Blash 0-0: Called Strike
0-1: Ball
1-1: Foul Ball, location: 2F
1-2: Ball
2-2: Ball
3-2: Base on Balls
Batting: RHB Addison Russell 0-0: Swinging Strike
0-1: Ball
1-1: Called Strike
1-2: Ball
2-2: Fly out, F7 (Flyball, 7)
Batting: LHB Lance McCullers Jr. 0-0: Sac Bunt to 5S - play at third, runner OUT! 5-6
Jabari Blash to second
Batting: RHB Austin Barnes 0-0: Called Strike
0-1: Fielders Choice at 2nd, 6-4 (Groundball, 6)
Bottom of the 2nd over - 0 runs, 1 hit, 1 error, 2 left on base; Philadelphia 0 - Milwaukee 0
TOP OF THE 3RD
Philadelphia Phillies batting - Pitching for Milwaukee Brewers : RHP Lance McCullers Jr.
Batting: LHB Leonys Martin 0-0: Ball
1-0: Foul Ball, location: 2F
1-1: Ball
2-1: Ground out 5-3 (Groundball, 5)
Batting: RHB Amed Rosario 0-0: SINGLE (Line Drive, 7S)
Batting: LHB Justin Bour 0-0: Called Strike
0-1: Foul Ball, location: 2F
0-2: Ball
1-2: Ball
2-2: Strikes out looking
Batting: RHB Todd Frazier 0-0: Swinging Strike
0-1: Ground out 5-3 (Groundball, 56S)
Top of the 3rd over - 0 runs, 1 hit, 0 errors, 1 left on base; Philadelphia 0 - Milwaukee 0
BOTTOM OF THE 3RD
Milwaukee Brewers batting - Pitching for Philadelphia Phillies : LHP Amir Garrett
Batting: RHB Tommy Pham 0-0: Called Strike
0-1: Ball
1-1: Ball
2-1: Called Strike
2-2: Strikes out looking
Batting: RHB Aaron Judge 0-0: Called Strike
0-1: Called Strike
0-2: Ball
1-2: Foul Ball, location: 2F
1-2: Ball
2-2: Strikes out swinging
Batting: RHB Logan Forsythe 0-0: Called Strike
0-1: Ball
1-1: Foul Ball, location: 2F
1-2: Foul Ball, location: 2F
1-2: SOLO HOME RUN (Flyball, 7LD), Distance : 382 ft
Batting: RHB Miguel Cabrera 0-0: Ball
1-0: Ball
2-0: Called Strike
2-1: Swinging Strike
2-2: Ball
3-2: Strikes out swinging
Bottom of the 3rd over - 1 run, 1 hit, 0 errors, 0 left on base; Philadelphia 0 - Milwaukee 1
TOP OF THE 4TH
Philadelphia Phillies batting - Pitching for Milwaukee Brewers : RHP Lance McCullers Jr.
Batting: LHB Kole Calhoun 0-0: Called Strike
0-1: Ball
1-1: Ball
2-1: Foul Ball, location: 2F
2-2: Ball
3-2: Foul Ball, location: 2F
3-2: Foul Ball, location: 2F
3-2: Strikes out looking
Batting: RHB Carson Kelly 0-0: Foul Ball, location: 2F
0-1: Ball
1-1: Ball
2-1: Fly out, F9 (Flyball, 89M)
Batting: RHB Scott Kingery 0-0: Foul Ball, location: 2F
0-1: Called Strike
0-2: Ball
1-2: Strikes out swinging
Top of the 4th over - 0 runs, 0 hits, 0 errors, 0 left on base; Philadelphia 0 - Milwaukee 1
BOTTOM OF THE 4TH
Milwaukee Brewers batting - Pitching for Philadelphia Phillies : LHP Amir Garrett
Pitching: RHP Sergio Romo
Batting: RHB Eugenio Suarez 0-0: Called Strike
0-1: Called Strike
0-2: Ball
1-2: Strikes out swinging
Batting: RHB Jabari Blash 0-0: Foul Ball, location: 2F
0-1: Called Strike
0-2: Ball
1-2: Strikes out swinging
Batting: RHB Addison Russell 0-0: Called Strike
0-1: Ball
1-1: Fly out, F9 (Flyball, 89D)
Bottom of the 4th over - 0 runs, 0 hits, 0 errors, 0 left on base; Philadelphia 0 - Milwaukee 1
TOP OF THE 5TH
Philadelphia Phillies batting - Pitching for Milwaukee Brewers : RHP Lance McCullers Jr.
Batting: RHB Carlos Tocci 0-0: Called Strike
0-1: Swinging Strike
0-2: Ball
1-2: Foul Ball, location: 2F
1-2: Foul Ball, location: 2F
1-2: Strikes out swinging
Batting: RHB Sergio Romo 0-0: Ball
1-0: Foul Ball, location: 2F
1-1: Foul Ball, location: 2F
1-2: Ball
2-2: Strikes out swinging
Batting: LHB Leonys Martin 0-0: Foul Ball, location: 2F
0-1: Swinging Strike
0-2: Fly out, F9 (Flyball, 9D)
Top of the 5th over - 0 runs, 0 hits, 0 errors, 0 left on base; Philadelphia 0 - Milwaukee 1
BOTTOM OF THE 5TH
Milwaukee Brewers batting - Pitching for Philadelphia Phillies : RHP Sergio Romo
Batting: LHB Lance McCullers Jr. 0-0: Ball
1-0: Called Strike
1-1: Fly out, F7 (Flyball, 7LS)
Batting: RHB Austin Barnes 0-0: Ball
1-0: Ball
2-0: Ball
3-0: Base on Balls
Batting: RHB Tommy Pham 0-0: Ball
1-0: Called Strike
1-1: Swinging Strike
1-2: Strikes out looking
Batting: RHB Aaron Judge 0-0: Called Strike
0-1: Swinging Strike
0-2: Ball
1-2: Fielders Choice at 2nd, 5-4 (Groundball, 5)
Bottom of the 5th over - 0 runs, 0 hits, 0 errors, 1 left on base; Philadelphia 0 - Milwaukee 1
TOP OF THE 6TH
Philadelphia Phillies batting - Pitching for Milwaukee Brewers : RHP Lance McCullers Jr.
Batting: RHB Amed Rosario 0-0: Swinging Strike
0-1: Ball
1-1: Called Strike
1-2: Ball
2-2: Strikes out swinging
Batting: LHB Justin Bour 0-0: Ball
1-0: Ball
2-0: Ground out 4-3 (Groundball, 4D)
Batting: RHB Todd Frazier 0-0: Foul Ball, location: 2F
0-1: DOUBLE (Line Drive, 89D)
Batting: LHB Kole Calhoun 0-0: Called Strike
0-1: Ball
1-1: Swinging Strike
1-2: Ball
2-2: Ball
3-2: Ground out U3 (Groundball, 3)
Top of the 6th over - 0 runs, 1 hit, 0 errors, 1 left on base; Philadelphia 0 - Milwaukee 1
BOTTOM OF THE 6TH
Milwaukee Brewers batting - Pitching for Philadelphia Phillies : RHP Sergio Romo
Batting: RHB Logan Forsythe 0-0: Called Strike
0-1: Foul Ball, location: 2F
0-2: Foul Ball, location: 2F
0-2: Ball
1-2: Foul Ball, location: 2F
1-2: Fly out, F8 (Line Drive, 8LD)
Batting: RHB Miguel Cabrera 0-0: Ball
1-0: Foul Ball, location: 2F
1-1: Ground out 6-3 (Groundball, 56)
Batting: RHB Eugenio Suarez 0-0: Foul Ball, location: 2F
0-1: Ball
1-1: Ball
2-1: Fly out, F6 (Popup, 6MD)
Bottom of the 6th over - 0 runs, 0 hits, 0 errors, 0 left on base; Philadelphia 0 - Milwaukee 1
TOP OF THE 7TH
Philadelphia Phillies batting - Pitching for Milwaukee Brewers : RHP Lance McCullers Jr.
Pitching: RHP Pat Neshek
Batting: RHB Carson Kelly 0-0: Ball
1-0: Ball
2-0: Ball
3-0: Foul Ball, location: 2F
3-1: Foul Ball, location: 2F
3-2: Strikes out swinging
Batting: RHB Scott Kingery 0-0: Ball
1-0: Called Strike
1-1: Ground out 4-3 (Groundball, 34)
Batting: RHB Carlos Tocci 0-0: Swinging Strike
0-1: Swinging Strike
0-2: Ball
1-2: Foul Ball, location: 2F
1-2: Strikes out looking
Top of the 7th over - 0 runs, 0 hits, 0 errors, 0 left on base; Philadelphia 0 - Milwaukee 1
BOTTOM OF THE 7TH
Milwaukee Brewers batting - Pitching for Philadelphia Phillies : RHP Sergio Romo
Pitching: RHP Bryan Shaw
Batting: RHB Jabari Blash 0-0: Ball
1-0: Swinging Strike
1-1: Ball
2-1: Called Strike
2-2: Ball
3-2: Strikes out swinging
Batting: RHB Addison Russell 0-0: Fly out, F8 (Flyball, 78M)
Pinch Hitting: LHB Seth Smith 0-0: Ball
1-0: Ball
2-0: Called Strike
2-1: Foul Ball, location: 2F
2-2: Ground out 4-3 (Groundball, 4MS)
Bottom of the 7th over - 0 runs, 0 hits, 0 errors, 0 left on base; Philadelphia 0 - Milwaukee 1
TOP OF THE 8TH
Philadelphia Phillies batting - Pitching for Milwaukee Brewers : RHP Pat Neshek
Pitching: LHP Andrew Miller
Pinch Hitting: RHB Jesus Aguilar 0-0: Ball
1-0: SINGLE (Line Drive, 89M)
Pinch Runner at 1st Delino DeShields Jr.:
Batting: LHB Leonys Martin 0-0: Swinging Strike
0-1: Swinging Strike
0-2: Fielders Choice at 2nd, 1-4 (Groundball, 25)
Batting: RHB Amed Rosario 0-0: SINGLE (Line Drive, 9S)
Leonys Martin to second
Runner from 2nd tries for 3rd, SAFE, throw by RF made to third
Batting: LHB Justin Bour 0-0: Ball
1-0: Foul Ball, location: 2F
1-1: Ball
2-1: Foul Ball, location: 2F
2-2: Strikes out looking
Batting: RHB Todd Frazier 0-0: Reached on error, E6 (Flyball, 56D)
Leonys Martin scores
Amed Rosario to second
Batting: LHB Kole Calhoun 0-0: Called Strike
0-1: Foul Ball, location: 2F
0-2: Ball
1-2: Strikes out swinging
Top of the 8th over - 1 run, 2 hits, 1 error, 2 left on base; Philadelphia 1 - Milwaukee 1
BOTTOM OF THE 8TH
Milwaukee Brewers batting - Pitching for Philadelphia Phillies : RHP Bryan Shaw
Pitching: LHP Alex Claudio
Batting: RHB Austin Barnes 0-0: Ball
1-0: Reached on error, E6 (Groundball, 6)
Batting: RHB Tommy Pham 0-0: Called Strike
0-1: Foul Ball, location: 2F
0-2: Strikes out swinging
Batting: RHB Aaron Judge 0-0: Ball
1-0: Called Strike
1-1: Ball
Passed Ball!
Austin Barnes to third
2-1: Foul Ball, location: 2F
2-2: Strikes out swinging
Batting: RHB Logan Forsythe 0-0: Fly out, F8 (Line Drive, 8RM)
Bottom of the 8th over - 0 runs, 0 hits, 1 error, 1 left on base; Philadelphia 1 - Milwaukee 1
TOP OF THE 9TH
Philadelphia Phillies batting - Pitching for Milwaukee Brewers : LHP Andrew Miller
Pitching: RHP Chad Green
Batting: RHB Carson Kelly 0-0: Called Strike
0-1: Foul Ball, location: 2F
0-2: Strikes out swinging
Pinch Hitting: LHB Nicky Delmonico 0-0: Ball
1-0: Called Strike
1-1: Ball
2-1: Fly out, F8 (Flyball, 8LS)
Batting: RHB Carlos Tocci 0-0: Ball
1-0: Ground out 4-3 (Groundball, 4)
Top of the 9th over - 0 runs, 0 hits, 0 errors, 0 left on base; Philadelphia 1 - Milwaukee 1
BOTTOM OF THE 9TH
Milwaukee Brewers batting - Pitching for Philadelphia Phillies : LHP Alex Claudio
Pitching: RHP Kenley Jansen
Now at 2B: Brett Sullivan
Now in LF: Dustin Peterson
Batting: RHB Miguel Cabrera 0-0: Ball
1-0: Called Strike
1-1: Ball
2-1: Called Strike
2-2: Fly out, F8 (Flyball, 8LM)
Batting: RHB Eugenio Suarez 0-0: Called Strike
0-1: Ball
1-1: Called Strike
1-2: Foul Ball, location: 2F
1-2: Ball
2-2: Ball
3-2: Fly out, F8 (Flyball, 78D)
Batting: RHB Jabari Blash 0-0: Called Strike
0-1: Swinging Strike
0-2: Hit by Pitch
Pinch Hitting: LHB Lucas Duda 0-0: Ball
1-0: Ball
2-0: Called Strike
2-1: Ball
3-1: Foul Ball, location: 2F
3-2: Strikes out swinging
Bottom of the 9th over - 0 runs, 0 hits, 0 errors, 1 left on base; Philadelphia 1 - Milwaukee 1
TOP OF THE 10TH
Philadelphia Phillies batting - Pitching for Milwaukee Brewers : RHP Chad Green
Now at SS: Taylor Motter
Batting: RHB Dustin Peterson 0-0: Ground out 4-3 (Groundball, 4MS)
Batting: LHB Leonys Martin 0-0: Ball
1-0: Swinging Strike
1-1: Swinging Strike
1-2: Foul Ball, location: 2F
1-2: Strikes out swinging
Batting: RHB Amed Rosario 0-0: Foul Ball, location: 2F
0-1: Ball
1-1: Ball
2-1: Called Strike
2-2: Ball
3-2: Strikes out looking
Top of the 10th over - 0 runs, 0 hits, 0 errors, 0 left on base; Philadelphia 1 - Milwaukee 1
BOTTOM OF THE 10TH
Milwaukee Brewers batting - Pitching for Philadelphia Phillies : RHP Kenley Jansen
Pitching: RHP Joe Smith
Pinch Hitting: SHB Tucker Barnhart 0-0: Ball
1-0: Fly out, F8 (Line Drive, 8RD)
Batting: RHB Austin Barnes 0-0: Called Strike
0-1: Ground out 4-3 (Groundball, 4)
Batting: RHB Tommy Pham 0-0: Ball
1-0: Foul Ball, location: 2F
1-1: Ball
2-1: Called Strike
2-2: SINGLE (Line Drive, 8RS)
Batting: RHB Aaron Judge 0-0: Ball
1-0: Called Strike
1-1: Foul Ball, location: 2F
1-2: Foul Ball, location: 2F
1-2: Ball
2-2: Foul Ball, location: 2F
2-2: Ball
3-2: Foul Ball, location: 2F
3-2: Foul Ball, location: 2F
3-2: Foul Ball, location: 2F
3-2: Foul Ball, location: 2F
3-2: Base on Balls
Tommy Pham to second
Batting: RHB Logan Forsythe 0-0: Ball
1-0: Ball
2-0: Swinging Strike
2-1: Foul Ball, location: 2F
2-2: Foul Ball, location: 2F
2-2: Strikes out looking
Bottom of the 10th over - 0 runs, 1 hit, 0 errors, 2 left on base; Philadelphia 1 - Milwaukee 1
TOP OF THE 11TH
Philadelphia Phillies batting - Pitching for Milwaukee Brewers : RHP Chad Green
Pitching: LHP Grant Dayton
Batting: LHB Justin Bour 0-0: Ball
1-0: Ball
2-0: Called Strike
2-1: Swinging Strike
2-2: Strikes out swinging
Batting: RHB Todd Frazier 0-0: Called Strike
0-1: Ball
1-1: Ball
2-1: Foul Ball, location: 2F
2-2: Foul Ball, location: 2F
2-2: Foul Ball, location: 2F
2-2: SOLO HOME RUN (Flyball, 9D), Distance : 380 ft
Batting: LHB Kole Calhoun 0-0: Ball
1-0: Foul Ball, location: 2F
1-1: Ball
2-1: Foul Ball, location: 2F
2-2: Strikes out swinging
Batting: RHB Carson Kelly 0-0: Foul Ball, location: 2F
0-1: Swinging Strike
0-2: Foul Ball, location: 2F
0-2: Strikes out swinging
Top of the 11th over - 1 run, 1 hit, 0 errors, 0 left on base; Philadelphia 2 - Milwaukee 1
BOTTOM OF THE 11TH
Milwaukee Brewers batting - Pitching for Philadelphia Phillies : RHP Joe Smith
Batting: RHB Miguel Cabrera 0-0: Ball
1-0: Fly out, F9 (Flyball, 9LS)
Batting: RHB Eugenio Suarez 0-0: Ball
1-0: Ball
2-0: Foul Ball, location: 2F
2-1: Foul Ball, location: 2F
2-2: Ball
3-2: Foul Ball, location: 2F
3-2: Foul Ball, location: 2F
3-2: SOLO HOME RUN (Flyball, 7LD), Distance : 365 ft
Pitching: RHP Nate Jones
Batting: RHB Jabari Blash 0-0: Called Strike
0-1: Ball
1-1: Foul Ball, location: 2F
1-2: Ground out 5-3 (Groundball, 5L)
Batting: RHB Taylor Motter 0-0: Called Strike
0-1: Swinging Strike
0-2: Ball
1-2: Foul Ball, location: 2F
1-2: Fly out, F8 (Flyball, 8LM)
Bottom of the 11th over - 1 run, 1 hit, 0 errors, 0 left on base; Philadelphia 2 - Milwaukee 2
TOP OF THE 12TH
Philadelphia Phillies batting - Pitching for Milwaukee Brewers : LHP Grant Dayton
Batting: LHB Brett Sullivan 0-0: SINGLE (Line Drive, 89M)
Batting: RHB Nate Jones 0-0: Sac Bunt to P - play at second, runner OUT! 1-6
Batting: RHB Dustin Peterson 0-0: Ball
1-0: Swinging Strike
1-1: Foul Ball, location: 2F
1-2: Ball
2-2: Fly out, F8 (Line Drive, 8RM)
Batting: LHB Leonys Martin 0-0: Ball
1-0: Foul Ball, location: 2F
1-1: Called Strike
1-2: Ball
2-2: Ball
3-2: Foul Ball, location: 2F
3-2: Base on Balls
Nate Jones to second
Pitching: RHP Kyle Barraclough
Now at SS: Troy Tulowitzki
Batting: RHB Amed Rosario 0-0: Fly out, F8 (Flyball, 8RS)
Top of the 12th over - 0 runs, 1 hit, 0 errors, 2 left on base; Philadelphia 2 - Milwaukee 2
BOTTOM OF THE 12TH
Milwaukee Brewers batting - Pitching for Philadelphia Phillies : RHP Nate Jones
Batting: RHB Troy Tulowitzki 0-0: Called Strike
0-1: Ball
1-1: SINGLE (Groundball, 6MD)
Batting: RHB Austin Barnes 0-0: Ball
1-0: Ball
2-0: Called Strike
2-1: Foul Ball, location: 2F
2-2: Ball
3-2: Foul Ball, location: 2F
3-2: Fielders Choice at 2nd, 6-4 (Groundball, 6)
Batting: RHB Tommy Pham 0-0: Ball
1-0: Ball
2-0: Ball
3-0: Fly out, F9 (Flyball, 9)
Batting: RHB Aaron Judge 0-0: SINGLE (Line Drive, 78S)
Austin Barnes to second
Batting: RHB Logan Forsythe 0-0: Ball
1-0: Ball
2-0: Ball
3-0: Called Strike
3-1: Base on Balls
Austin Barnes to third
Aaron Judge to second
Batting: RHB Miguel Cabrera 0-0: Called Strike
0-1: Ball
1-1: Ball
2-1: Ball
3-1: Foul Ball, location: 2F
3-2: Foul Ball, location: 2F
3-2: Foul Ball, location: 2F
3-2: Foul Ball, location: 2F
3-2: Foul Ball, location: 2F
3-2: Fly out, F2 (Popup, 25F)
Bottom of the 12th over - 0 runs, 2 hits, 0 errors, 3 left on base; Philadelphia 2 - Milwaukee 2
TOP OF THE 13TH
Philadelphia Phillies batting - Pitching for Milwaukee Brewers : RHP Kyle Barraclough
Batting: LHB Justin Bour 0-0: Ball
1-0: Ball
2-0: Ball
3-0: Called Strike
3-1: Base on Balls
Batting: RHB Todd Frazier 0-0: Ball
1-0: Ball
2-0: Called Strike
2-1: Ball
3-1: Fielders Choice at 2nd, 6-4 (Groundball, 6)
Batting: LHB Kole Calhoun 0-0: Called Strike
0-1: Fly out, F7 (Flyball, 7D)
Batting: RHB Carson Kelly 0-0: Called Strike
0-1: Foul Ball, location: 2F
0-2: Fielders Choice at 2nd, 6-4 (Groundball, 6)
Top of the 13th over - 0 runs, 0 hits, 0 errors, 1 left on base; Philadelphia 2 - Milwaukee 2
BOTTOM OF THE 13TH
Milwaukee Brewers batting - Pitching for Philadelphia Phillies : RHP Nate Jones
Batting: RHB Eugenio Suarez 0-0: Foul Ball, location: 2F
0-1: SINGLE (Line Drive, 8LS)
Batting: RHB Jabari Blash 0-0: Ball
1-0: Called Strike
1-1: Swinging Strike
1-2: Ball
2-2: Foul Ball, location: 2F
2-2: Foul Ball, location: 2F
2-2: Foul Ball, location: 2F
2-2: Ball
3-2: Grounds into double play, 5-4-3 (Groundball, 56)
Batting: RHB Kyle Barraclough 0-0: Called Strike
0-1: Ball
1-1: Swinging Strike
1-2: Foul Ball, location: 2F
1-2: SINGLE (Line Drive, 4D)
Batting: RHB Troy Tulowitzki 0-0: Ball
1-0: Ball
2-0: Ball
3-0: Base on Balls
Kyle Barraclough to second
Batting: RHB Austin Barnes 0-0: Ball
1-0: Fielders Choice at 2nd, 6-4 (Groundball, 6)
Bottom of the 13th over - 0 runs, 2 hits, 0 errors, 2 left on base; Philadelphia 2 - Milwaukee 2
TOP OF THE 14TH
Philadelphia Phillies batting - Pitching for Milwaukee Brewers : RHP Kyle Barraclough
Batting: LHB Brett Sullivan 0-0: Ball
1-0: Called Strike
1-1: Foul Ball, location: 2F
1-2: Ground out 6-3 (Groundball, 4M)
Batting: RHB Nate Jones 0-0: Called Strike
0-1: Called Strike
0-2: Ball
1-2: Strikes out swinging
Batting: RHB Dustin Peterson 0-0: Called Strike
0-1: Ball
1-1: Swinging Strike
1-2: Strikes out swinging
Top of the 14th over - 0 runs, 0 hits, 0 errors, 0 left on base; Philadelphia 2 - Milwaukee 2
BOTTOM OF THE 14TH
Milwaukee Brewers batting - Pitching for Philadelphia Phillies : RHP Nate Jones
Pitching: RHP Seung-hwan Oh
Batting: RHB Tommy Pham 0-0: Ground out 3-1 (Groundball, 34)
Batting: RHB Aaron Judge 0-0: Foul Ball, location: 2F
0-1: Foul Ball, location: 2F
0-2: Strikes out swinging
Batting: RHB Logan Forsythe 0-0: Ball
1-0: Foul Ball, location: 2F
1-1: Foul Ball, location: 2F
1-2: Strikes out swinging
Bottom of the 14th over - 0 runs, 0 hits, 0 errors, 0 left on base; Philadelphia 2 - Milwaukee 2
TOP OF THE 15TH
Philadelphia Phillies batting - Pitching for Milwaukee Brewers : RHP Kyle Barraclough
Pitching: RHP Daniel Hudson
Batting: LHB Leonys Martin 0-0: Foul Ball, location: 2F
0-1: Ground out 6-3 (Groundball, 6)
Batting: RHB Amed Rosario 0-0: Swinging Strike
0-1: Swinging Strike
0-2: Ball
1-2: Strikes out swinging
Batting: LHB Justin Bour 0-0: Called Strike
0-1: Called Strike
0-2: Ball
1-2: Foul Ball, location: 2F
1-2: Strikes out looking
Top of the 15th over - 0 runs, 0 hits, 0 errors, 0 left on base; Philadelphia 2 - Milwaukee 2
BOTTOM OF THE 15TH
Milwaukee Brewers batting - Pitching for Philadelphia Phillies : RHP Seung-hwan Oh
Batting: RHB Miguel Cabrera 0-0: Ground out 4-3 (Groundball, 4)
Batting: RHB Eugenio Suarez 0-0: Foul Ball, location: 2F
0-1: Swinging Strike
0-2: Ball
1-2: Strikes out swinging
Batting: RHB Jabari Blash 0-0: Called Strike
0-1: Called Strike
0-2: Ball
1-2: Foul Ball, location: 2F
1-2: Foul Ball, location: 2F
1-2: Ball
2-2: Fly out, F9 (Flyball, 9)
Bottom of the 15th over - 0 runs, 0 hits, 0 errors, 0 left on base; Philadelphia 2 - Milwaukee 2
TOP OF THE 16TH
Philadelphia Phillies batting - Pitching for Milwaukee Brewers : RHP Daniel Hudson
Batting: RHB Todd Frazier 0-0: Called Strike
0-1: Foul Ball, location: 2F
0-2: Ball
1-2: Foul Ball, location: 2F
1-2: Foul Ball, location: 2F
1-2: Strikes out swinging
Batting: LHB Kole Calhoun 0-0: Called Strike
0-1: Called Strike
0-2: Strikes out swinging
Batting: RHB Carson Kelly 0-0: Ball
1-0: Called Strike
1-1: Foul Ball, location: 2F
1-2: Fly out, F8 (Line Drive, 8RM)
Top of the 16th over - 0 runs, 0 hits, 0 errors, 0 left on base; Philadelphia 2 - Milwaukee 2
BOTTOM OF THE 16TH
Milwaukee Brewers batting - Pitching for Philadelphia Phillies : RHP Seung-hwan Oh
Batting: RHB Daniel Hudson 0-0: Called Strike
0-1: SINGLE (Groundball, 56D)
Batting: RHB Troy Tulowitzki 0-0: Foul Ball, location: 2F
0-1: Foul Ball, location: 2F
0-2: Ball
1-2: Ball
2-2: Ball
3-2: Strikes out swinging
Batting: RHB Austin Barnes 0-0: Ball
1-0: Foul Ball, location: 2F
1-1: Ball
2-1: Ball
3-1: Base on Balls
Daniel Hudson to second
Batting: RHB Tommy Pham 0-0: Ball
1-0: Fly out, F9 (Flyball, 9S)
Batting: RHB Aaron Judge 0-0: Ball
1-0: Ball
2-0: Ball
3-0: Base on Balls
Daniel Hudson to third
Austin Barnes to second
Batting: RHB Logan Forsythe 0-0: Ball
1-0: Called Strike
1-1: Swinging Strike
1-2: Ball
2-2: Fielders Choice at 2nd, 5-4 (Groundball, 56)
Bottom of the 16th over - 0 runs, 1 hit, 0 errors, 3 left on base; Philadelphia 2 - Milwaukee 2
TOP OF THE 17TH
Philadelphia Phillies batting - Pitching for Milwaukee Brewers : RHP Daniel Hudson
Batting: LHB Brett Sullivan 0-0: Called Strike
0-1: Swinging Strike
0-2: Strikes out swinging
Batting: RHB Seung-hwan Oh 0-0: Called Strike
0-1: Foul Ball, location: 2F
0-2: Strikes out swinging
Batting: RHB Dustin Peterson 0-0: Called Strike
0-1: Foul Ball, location: 2F
0-2: Ball
1-2: Strikes out swinging
Top of the 17th over - 0 runs, 0 hits, 0 errors, 0 left on base; Philadelphia 2 - Milwaukee 2
BOTTOM OF THE 17TH
Milwaukee Brewers batting - Pitching for Philadelphia Phillies : RHP Seung-hwan Oh
Batting: RHB Miguel Cabrera 0-0: Called Strike
0-1: SINGLE (Line Drive, 7S)
Batting: RHB Eugenio Suarez 0-0: Ball
1-0: Fly out, F9 (Flyball, 9LM)
Batting: RHB Jabari Blash 0-0: Ball
1-0: Ball
2-0: Foul Ball, location: 2F
2-1: Ball
3-1: SINGLE (Groundball, 25) (infield hit)
Miguel Cabrera to second
Batting: RHB Daniel Hudson 0-0: Called Strike
0-1: SINGLE (Groundball, 6M)
Miguel Cabrera to third
Jabari Blash to second
Runner from 3rd tries for Home, SAFE, throw by CF to home
Thursday, August 23rd, 2018 - OOTP Baseball 19.8 Build 70